 Dungeon Crawl Stone Soup version 0.26-a0-490-gf8362a0c98 (webtiles) character file.

Game seed: 14132509562467930440

63321 Murumi the Blocker (level 15, -3/121 HPs)
             Began as a Formicid Fighter on Aug 4, 2020.
             Was a High Priest of Okawaru.
             Slain by a warg (11 damage)
             ... summoned by an orange crystal statue
             ... on level 2 of the Orcish Mines.
             The game lasted 01:44:50 (23764 turns).

Murumi the Blocker (Formicid Fighter)              Turns: 23764, Time: 01:44:51

Health: -3/121     AC: 25    Str: 34      XL:     15   Next: 49%
Magic:  1/21       EV: 19    Int: 10 (12) God:    Okawaru [*****.]
Gold:   1318       SH: 23    Dex: 13      Spells: 14/14 levels left

rFire    + + .     SeeInvis +   a - +8 demon blade "Leech" {vamp, *Rage +Rage rN+}
rCold    + . .     Faith    .   J - +1 kite shield {rC+ rF+}
rNeg     + . .     Spirit   .   z - +0 plate armour
rPois    +         Reflect  +   (helmet unavailable)
rElec    .         Harm     .   t - +0 cloak
rCorr    .                      G - +2 pair of gloves of Tutt {rC+ Int+3}
MR       +....                  q - +0 pair of boots
Stlth    ..........             y - amulet of reflection
HPRegen  0.30/turn              P - ring "Tistibbe" {EV+4 Str+5 Dex-3 Slay+5 Stlth+}
MPRegen  0.17/turn              p - ring of the Thieving Genius {rPois rF+ rC- Str+6 Dex+3}

@: heroism, finesse, invisible
A: permanent stasis, dig shafts and tunnels, four strong arms, antennae 3
a: Dig, Shaft Self, Heroism, Finesse, Renounce Religion


You were on level 2 of the Orcish Mines.
You worshipped Okawaru.
Okawaru was extremely pleased with you.
You visited 4 branches of the dungeon, and saw 21 of its levels.
You also visited: Bailey.

You collected 2617 gold pieces.
You spent 1299 gold pieces at shops.

Inventory:

Hand Weapons
 a - the +8 demon blade "Leech" (weapon) {vamp, *Rage +Rage rN+}
   (You found it on level 3 of the Lair of Beasts)

   It inflicts no extra harm, but heals its wielder when it wounds a living foe.
   It protects you from negative energy.
   It lets you go berserk.
   It may make you go berserk in combat.
 f - the +2 hand crossbow of the Wolf {elec, rC++ Dex-4}
   (You found it on level 7 of the Dungeon)

   It charges the ammunition it shoots with electricity; occasionally upon a
   hit, such missiles may discharge and cause terrible harm.
   It affects your dexterity (-4).
   It greatly protects you from cold.
 s - the +9 sword of Zonguldrok {reap}
   (You found it on level 6 of the Lair of Beasts)

   If a monster killed with it leaves a corpse in good enough shape, the corpse
   will be animated as a zombie friendly to the killer.
 I - a +0 great sword
Missiles
 v - 266 bolts
Armour
 q - a +0 pair of boots (worn)
 t - a +0 cloak (worn)
 z - a +0 plate armour (worn)
 G - the +2 pair of gloves of Tutt (worn) {rC+ Int+3}
   (You found it on level 4 of the Lair of Beasts)

   It affects your intelligence (+3).
   It protects you from cold.
 J - a +1 kite shield of resistance (worn)
Jewellery
 l - a +6 ring of dexterity
 p - the ring of the Thieving Genius (right hand) {rPois rF+ rC- Str+6 Dex+3}
   (You found it on level 4 of the Dungeon)

   [ring of protection from fire]

   It affects your strength (+6).
   It affects your dexterity (+3).
   It protects you from fire.
   It makes you vulnerable to cold.
   It protects you from poison.
 y - an amulet of reflection (around neck)
 L - an uncursed ring of resist corrosion
 P - the ring "Tistibbe" (left hand) {EV+4 Str+5 Dex-3 Slay+5 Stlth+}
   (You bought it in a shop on level 2 of the Orcish Mines)

   [ring of evasion]

   It affects your evasion (+4).
   It affects your strength (+5).
   It affects your dexterity (-3).
   It affects your accuracy and damage with ranged weapons and melee attacks
   (+5).
   It makes you more stealthy.
Wands
 o - a wand of iceblast (25)
 w - a wand of acid (14)
 A - a wand of enslavement (11)
 C - a wand of digging (11)
 E - a wand of clouds (12)
 F - a wand of random effects (15)
 H - a wand of flame (69)
 M - a wand of polymorph (8)
 N - a wand of paralysis (10)
Scrolls
 c - 5 scrolls of identify
 e - 9 scrolls of remove curse
 g - a scroll of fog
 n - 4 scrolls of fear
 r - 2 scrolls of enchant weapon
 x - 4 scrolls of enchant armour
 D - 5 scrolls of amnesia
Potions
 b - 2 potions of invisibility
 d - 6 potions of might
 h - 6 potions of lignification
 i - 5 potions of flight
 j - 4 potions of heal wounds
 k - 6 potions of curing
 m - 2 potions of resistance
 u - 3 potions of ambrosia
 B - 2 potions of brilliance
 K - a potion of magic
 O - 3 potions of mutation


   Skills:
 + Level 12.2(17.2) Fighting
 - Level 11.0(16.0) Long Blades
 - Level 11.0(16.0) Crossbows
 - Level 12.0(17.0) Armour
 - Level 6.0(11.0) Dodging
 - Level 14.0(19.0) Shields
 - Level 9.0 Invocations


You had 14 spell levels left.
You didn't know any spells.
Your spell library contained the following spells:

 Spells                   Type           Power        Failure   Level
 Magic Dart               Conj           #...         83%         1
 Call Imp                 Summ           #.......     93%         2
 Slow                     Hex            #.......     93%         2
 Sublimation of Blood     Necr           #.........   93%         2
 Conjure Flame            Conj/Fire      #.......     99%         3
 Ignite Poison            Fire/Tmut/Pois #.......     99%         3
 Mephitic Cloud           Conj/Pois/Air  #.......     99%         3
 Petrify                  Tmut/Erth      #.......     100%        4
 Alistair's Intoxication  Tmut/Pois      #........    100%        5
 Irradiate                Conj/Tmut      #.........   100%        5
 Eringya's Noxious Bog    Tmut/Pois      #.........   100%        6
 Blink                    Tloc           Unusable     N/A         2

Dungeon Overview and Level Annotations

Branches:
Dungeon (12/15)            Temple (1/1) D:4            Lair (6/6) D:8
 Shoals (0/4) Lair:4        Snake (0/4) Lair:2        Slime (0/5) Lair:5
    Orc (2/2) D:12            Elf (0/3) Orc:2        Bailey (visited)

Altars:
Ashenzari
Cheibriados
Dithmenos
Elyvilon
Fedhas
Gozag
Hepliaklqana
Kikubaaqudgha
Makhleb
Nemelex Xobeh
Okawaru
Qazlal
Ru
Sif Muna
Trog
Uskayaw
Vehumet
Wu Jian
Xom
Yredelemnul
Zin
The Shining One

Shops:
D:5 *   D:7 [   Orc:1 [!   Orc:2 }![=

Annotations:
Orc:2 exclusion: 3 orange crystal statues


Innate Abilities, Weirdness & Mutations

You cannot be hasted, slowed, berserked, paralysed or teleported.
You can dig through walls and to a lower floor.
Your four strong arms can wield two-handed weapons with a shield.
You have a pair of large antennae on your head. (SInv)


Message History

The orc sorcerer's corpse dissolves into shadows!
The sun demon disappears in a puff of smoke!
The orange crystal statue glitters topaz in the dim dungeon light.
You block the orc warrior's attack.
You closely miss the orc warrior.
The orc warrior is almost dead.
You block the warg's attack.
You slash the orc warrior!
You kill the orc warrior!
The orc warrior's corpse dissolves into shadows!
You block the warg's attack.
The orc priest invokes the aid of Beogh against you.
Beogh smites you!
* * * LOW HITPOINT WARNING * * *
You block the orc knight's attack.
The orc warrior hits you from afar with a cursed -2 trident!
* * * LOW HITPOINT WARNING * * *
You fade into invisibility!
You block the orc's attack. The warg bites you!
You die...

..#...#.#..{...{{{)........##
...#.###..#########.......##
..##.##...#8.....8#.).....#
......#...#.#...#.#...)..##
..........#....o{.#.......#
....#.##..'...[oooo{...#.##
...##.#...#..ooo{o#{{)).##
..##......#.#.oo#h#o....####
..........#8.o.o@h#..#...#.#
..........#########.###.#)##
.......#............# #####
..)...........#######
..#............#
.#......#.##...##
................##
........#....#...##
............##....#


You could see 3 orange crystal statues, an orc knight (summoned), 2 wargs, 4 orc
warriors, 2 orc priests, 2 orc wizards and 4 orcs.

Vanquished Creatures
  A stone giant (Orc:2)
  The ghost of manon the Blocker, a journeyman GnFi of Okawaru (Orc:2)
  Erolcha (Orc:1)
  4 hydras
  Harold (D:11)
  3 two-headed ogres
  3 orc high priests (Orc:2)
  A hell knight (D:10)
  A skeletal warrior (D:10)
  An unseen horror (D:11)
  An ugly thing (D:10)
  8 orc knights
  An orange crystal statue (Orc:2)
  A manticore (D:10)
  7 orc sorcerers (Orc:2)
  A deep elf mage (D:12)
  3 cyclopes
  5 oklob plants
  13 elephants
  4 black mambas
  A gargoyle (D:9)
  6 cane toads
  2 kobold demonologists
  5 komodo dragons
  A rime drake (Lair:6)
  5 trolls
  The ghost of YoungGLord the Digger, a novice GrEE of Vehumet (D:5)
  5 polar bears
  7 hornets
  4 blink frogs (Lair:5)
  5 slime creatures (D:12)
  Grinder (D:4)
  8 hippogriffs
  4 dream sheep (Lair:6)
  Sigmund (D:4)
  A shadow (D:12)
  2 wraiths
  13 spriggans (Lair:6)
  13 yaks
  3 basilisks
  A wyvern (Lair:5)
  Eustachio (D:5)
  A vampire mosquito (D:10)
  4 wargs
  A steam dragon (D:8)
  Menkaure (D:4)
  4 nagas (Lair:2)
  Edmund (D:5)
  An acid dragon (D:10)
  10 water moccasins
  9 porcupines
  31 orc warriors
  2 sky beasts
  An ice beast (D:12)
  5 black bears
  14 ogres
  A phantom (D:5)
  A necrophage (D:11)
  28 wolves
  3 boggarts (Lair:6)
  5 centaurs
  13 crocodiles
  7 big kobolds
  18 bullfrogs
  2 gnoll sergeants (D:12)
  3 scorpions
  A wyvern skeleton (D:12)
  9 killer bees
  3 electric eels (D:6)
  5 wights (D:11)
  6 howler monkeys
  4 quasits
  5 hounds
  7 jellies
  A gnoll shaman (D:8)
  2 bullfrog zombies
  32 orc priests
  Crazy Yiuf (D:5)
  2 centaur skeletons
  2 bullfrog skeletons
  3 iguanas
  30 orc wizards
  6 worker ants
  3 hound skeletons
  15 gnolls
  11 adders
  4 shadow imps
  15 white imps
  An ooze (D:1)
  2 adder skeletons
  2 worms
  4 leopard geckos
  121 orcs
  5 giant cockroaches
  9 goblins
  4 hobgoblins
  7 jackals
  16 kobolds
  4 quokkas
  2 ball pythons
  A ball python skeleton (D:6)
  A ball python zombie (D:5)
  6 bats
  6 frilled lizards
  3 hobgoblin zombies (D:9)
  A jackal skeleton (D:6)
  3 kobold skeletons (D:9)
  An orc skeleton (D:9)
  3 orc zombies (D:9)
  A quokka skeleton (D:4)
  3 rats
  A plant (Lair:3)
691 creatures vanquished.

Vanquished Creatures (others)
  An orc wizard (Orc:2)
  12 fungi
  12 plants
25 creatures vanquished.

Grand Total: 716 creatures vanquished

Notes
Turn   | Place    | Note
-------+----------+-------------------------------------------
     0 | D:1      | Murumi the Formicid Fighter began the quest for the Orb.
     0 | D:1      | Reached XP level 1. HP: 18/18 MP: 1/1
    44 | D:1      | Reached skill level 1 in Dodging
   127 | D:1      | Reached XP level 2. HP: 24/24 MP: 2/2
   210 | D:1      | Reached skill level 4 in Shields
   531 | D:2      | Reached XP level 3. HP: 30/30 MP: 3/3
   712 | D:2      | Found a bloodstained altar of Trog.
  1125 | D:2      | Reached XP level 4. HP: 37/37 MP: 4/4
  1751 | D:3      | Reached XP level 5. HP: 42/42 MP: 5/5
  2414 | D:3      | Reached skill level 5 in Shields
  2644 | D:4      | Noticed Menkaure
  2650 | D:4      | Killed Menkaure
  2650 | D:4      | Reached XP level 6. HP: 32/49 MP: 6/6
  2765 | D:4      | Found an opulent altar of Gozag.
  2765 | D:4      | Found a sparkling altar of Nemelex Xobeh.
  2795 | D:4      | Got a vibrating bone ring
  2796 | D:4      | Identified the ring of the Thieving Genius {rPois rF+ rC-
                  | Str+6 Dex+3} (You found it on level 4 of the Dungeon)
  2815 | D:4      | Noticed Grinder
  2822 | D:4      | Killed Grinder
  2822 | D:4      | Reached skill level 5 in Fighting
  2822 | D:4      | Reached skill level 5 in Armour
  2822 | D:4      | Reached XP level 7. HP: 56/56 MP: 7/7
  2905 | D:4      | Noticed Sigmund
  2914 | D:4      | Killed Sigmund
  2914 | D:4      | Reached skill level 6 in Shields
  3213 | D:4      | Reached skill level 7 in Shields
  3213 | D:4      | Reached XP level 8. HP: 62/62 MP: 8/8
  3571 | D:4      | Found a staircase to the Ecumenical Temple.
  3583 | Temple   | Entered the Ecumenical Temple
  3612 | Temple   | Became a worshipper of Warmaster Okawaru
  3904 | D:5      | Entered Level 5 of the Dungeon
  3985 | D:5      | Noticed Eustachio
  4003 | D:5      | Killed Eustachio
  4003 | D:5      | Reached skill level 5 in Long Blades
  4177 | D:5      | Reached skill level 1 in Invocations
  4337 | D:5      | Found a transporter.
  4405 | D:5      | Reached * piety under Okawaru
  4444 | D:5      | Noticed YoungGLord's ghost (novice GrEE)
  4486 | D:5      | Found Wimuawn's General Store.
  4543 | D:5      | You fall into a shaft and drop 3 floors!
  4549 | D:8      | Reached XP level 9. HP: 69/69 MP: 12/12
  4654 | D:6      | Reached skill level 8 in Shields
  4977 | D:5      | Noticed Edmund
  4989 | D:5      | Killed Edmund
  5186 | D:5      | Found a runed translucent door.
  5187 | D:5      | Noticed Crazy Yiuf
  5271 | D:5      | Killed Crazy Yiuf
  5353 | D:5      | Found a transporter.
  5371 | D:5      | Killed YoungGLord's ghost
  5371 | D:5      | Reached ** piety under Okawaru
  5781 | D:6      | Reached skill level 9 in Shields
  6536 | D:6      | Reached XP level 10. HP: 19/80 MP: 11/13
  7809 | D:6      | Found a shadowy altar of Dithmenos.
  7809 | D:6      | Found a hazy altar of Hepliaklqana.
  7819 | D:6      | Reached skill level 5 in Invocations
  8366 | D:7      | Found Homm's Antique Armour Boutique.
  8543 | D:7      | Got a smoking hand crossbow
  8543 | D:7      | Identified the cursed +2 hand crossbow of the Wolf {elec,
                  | rC++ Dex-4} (You found it on level 7 of the Dungeon)
  8762 | D:7      | Reached skill level 1 in Crossbows
  9035 | D:8      | Reached *** piety under Okawaru
  9148 | D:8      | Found a faded altar of an unknown god.
  9148 | D:8      | Found a white marble altar of Elyvilon.
  9153 | D:8      | Found a blossoming altar of Fedhas.
  9155 | D:8      | Found a burning altar of Makhleb.
  9157 | D:8      | Found a faded altar of an unknown god.
  9346 | D:8      | Noticed a two-headed ogre
  9353 | D:8      | Killed a two-headed ogre
  9383 | D:8      | Reached skill level 5 in Crossbows
  9595 | D:8      | Found a staircase to the Lair.
  9779 | Lair:1   | Entered Level 1 of the Lair of Beasts
  9779 | Lair:1   | Noticed a cane toad
  9801 | Lair:1   | Killed a cane toad
  9801 | Lair:1   | Reached **** piety under Okawaru
  9801 | Lair:1   | Reached XP level 11. HP: 46/86 MP: 14/14
 10189 | Lair:1   | Received a gift from Okawaru
 10931 | Lair:1   | Reached ***** piety under Okawaru
 10931 | Lair:1   | Reached skill level 10 in Shields
 11351 | Lair:2   | Received a gift from Okawaru
 11590 | Lair:2   | Found a staircase to the Snake Pit.
 11608 | Lair:2   | Received a gift from Okawaru
 12212 | Lair:2   | Reached XP level 12. HP: 95/95 MP: 16/16
 12466 | Lair:3   | Received a gift from Okawaru
 13114 | Lair:3   | Found the +8 demon blade "Leech" {vamp, *Rage +Rage rN+}
 13157 | Lair:3   | Received a gift from Okawaru
 13615 | Lair:4   | Received a gift from Okawaru
 13616 | Lair:4   | Found the +7 Kryia's mail coat {PotionHeal*2 rC+}
 13674 | Lair:4   | Reached skill level 10 in Fighting
 13721 | Lair:4   | Got a pair of pitted gloves
 13726 | Lair:4   | Identified the +2 pair of gloves of Tutt {rC+ Int+3} (You
                  | found it on level 4 of the Lair of Beasts)
 14080 | Lair:4   | Found an ornate altar of the Wu Jian Council.
 14297 | Lair:4   | Found a staircase to the Shoals.
 14511 | Lair:5   | Reached skill level 10 in Armour
 14535 | Lair:5   | Noticed a five-headed hydra
 14550 | Lair:5   | Killed a five-headed hydra
 14674 | Lair:5   | Reached skill level 11 in Shields
 14761 | Lair:5   | Reached XP level 13. HP: 103/103 MP: 17/17
 15299 | Lair:5   | Found a staircase to the Slime Pits.
 15483 | Lair:5   | Reached skill level 12 in Shields
 15834 | Lair:6   | Entered Level 6 of the Lair of Beasts
 16056 | Lair:6   | Noticed a six-headed hydra
 16078 | Lair:6   | Killed a six-headed hydra
 16281 | Lair:6   | Noticed a four-headed hydra
 16290 | Lair:6   | Killed a four-headed hydra
 16423 | Lair:6   | Received a gift from Okawaru
 16561 | Lair:6   | Received a gift from Okawaru
 16625 | Lair:6   | Reached skill level 10 in Long Blades
 16832 | Lair:6   | Reached skill level 10 in Crossbows
 16901 | Lair:6   | Found the +9 sword of Zonguldrok {reap}
 17072 | Lair:6   | Reached XP level 14. HP: 113/113 MP: 19/19
 17395 | Lair:5   | Received a gift from Okawaru
 17508 | D:9      | Reached skill level 5 in Dodging
 17572 | D:9      | Found a glowing golden altar of the Shining One.
 17816 | D:9      | Found an ornate altar of the Wu Jian Council.
 17937 | D:9      | Found a flagged portal.
 17948 | Bailey   | Entered a bailey
 18794 | D:10     | Entered Level 10 of the Dungeon
 19267 | D:10     | Reached skill level 13 in Shields
 20533 | D:11     | Noticed Harold
 20559 | D:11     | Killed Harold
 21367 | D:12     | Received a gift from Okawaru
 21564 | D:12     | Found a staircase to the Orcish Mines.
 21811 | Orc:1    | Entered Level 1 of the Orcish Mines
 21815 | Orc:1    | Found Said's Distillery.
 21815 | Orc:1    | Noticed Erolcha
 21946 | Orc:1    | Killed Erolcha
 21980 | Orc:1    | Bought a potion of mutation for 104 gold pieces
 21980 | Orc:1    | Bought a potion of mutation for 104 gold pieces
 22052 | Orc:1    | Found a burning altar of Makhleb.
 22229 | Orc:1    | Found Balugger's Antique Armour Shop.
 22346 | Orc:2    | Entered Level 2 of the Orcish Mines
 22346 | Orc:2    | Noticed a stone giant
 22364 | Orc:2    | Killed a stone giant
 22364 | Orc:2    | Reached XP level 15. HP: 120/120 MP: 21/21
 22392 | Orc:2    | Found a staircase to the Elven Halls.
 22511 | Orc:2    | Received a gift from Okawaru
 22515 | Orc:2    | Found a runed translucent door.
 22569 | Orc:2    | Found the +10 tower shield of Ignorance {rN+ Int-4}
 22575 | Orc:2    | Found a runed translucent door.
 22733 | Orc:2    | Found a runed translucent gate.
 22734 | Orc:2    | Found a runed translucent gate.
 22735 | Orc:2    | Found a runed translucent gate.
 22735 | Orc:2    | Noticed manon's ghost (journeyman GnFi)
 23230 | Orc:2    | Received a gift from Okawaru
 23269 | Orc:2    | Found Puwnel's Gadget Boutique.
 23319 | Orc:2    | Reached skill level 14 in Shields
 23414 | Orc:2    | Found Lacwink's Armour Shoppe.
 23432 | Orc:2    | Found Weunor's Jewellery Shoppe.
 23434 | Orc:2    | Found Vuesa's Distillery.
 23440 | Orc:2    | Bought the ring "Tistibbe" {EV+4 Str+5 Dex-3 Slay+5 Stlth+}
                  | for 923 gold pieces
 23444 | Orc:2    | Bought a potion of might for 56 gold pieces
 23444 | Orc:2    | Bought a potion of mutation for 112 gold pieces
 23633 | Orc:2    | Killed manon's ghost
 23764 | Orc:2    | Slain by a warg

Illustrated notes

Levels and vault maps discovered:
D:1:      dpeg_arrival_radiant, layout_rooms
D:2:      layout_basic, bloody_trog
D:3:      layout_basic
D:4:      layout_loops_ring, grunt_temple_overflow_opulence,
          minmay_temple_entry_poolview, uniq_sigmund, uniq_menkaure,
          uniq_grinder
D:5:      layout_loops_ring, gammafunk_ghost_hive, serial_shops, shop,
          uniq_edmund, uniq_eustachio, uniq_crazy_yiuf_cottage
D:6:      layout_basic, riverfiend_overflow_shadow_ancestor, serial_bayou_lake_a
D:7:      layout_loops_ring, serial_shops, kennysheep_mini,
          kennysheep_generic_room_15
D:8:      layout_rooms, chequers_temple_overflow_minitemple, lair_entry_dummy
D:9:      layout_loops_ring, lemuel_doored_altar, nicolae_tso_besieged_by_evil,
          enter_bailey_2
D:10:     layout_roguey, special_room [special_room_orc], minmay_evil_grid
D:11:     layout_loops_corners, uniq_harold
D:12:     layout_rooms, kennysheep_orc_monster_closet_entryway, grunt_ogre_cave,
          kennysheep_generic_room_14
Temple:   minmay_temple_bridge_abc
Lair:1:   beast_lair_carwin_large_3, layout_big_grid, portal_ice_cave_entry_imps
Lair:2:   layout_gridlike, minmay_snake_entry_guardpost_small,
          beast_lair_carwin_5
Lair:3:   layout_hall_layers, grunt_megastairs_3, minmay_lair_oklob_chamber
Lair:4:   layout_regular_city, shoals_dummy_entry, basic_altar,
          lemuel_fruit_tree
Lair:5:   layout_loops_ring, minmay_slime_entry_oklob_enclosed, minivault_27,
          serial_bayou_pond_b
Lair:6:   minmay_lair_end_enchanted_forest, layout_loops_ring
Orc:1:    layout_diamond_mine, serial_shops, shop, nicolae_shop_stone,
          david_defended_altar_orc, uniq_erolcha
Orc:2:    st_orc_elflike, layout_caves, gammafunk_ghost_split,
          chequers_guarded_unrand_ignorance

Skill      XL: |  1  2  3  4  5  6  7  8  9 10 11 12 13 14 15 |
---------------+----------------------------------------------+-----
Dodging        | 1 2 3 4 5 6 |  6.0
Shields        | 4 5 7 9 10 11 12 13 14 | 14.0
Fighting       | 4 5 6 7 8 9 10 11 12 | 12.2
Armour         | 4 5 6 7 8 9 10 11 12 | 12.0
Long Blades    | 3 4 5 6 7 8 9 10 11 | 11.0
Invocations    | 4 5 6 7 9 |  9.0
Crossbows      | 6 8 9 10 11 | 11.0

Action                   |  1- 3 |  4- 6 |  7- 9 | 10-12 | 13-15 || total
-------------------------+-------+-------+-------+-------+-------++-------
Melee: Long sword        |    93 |   123 |   301 |   501 |       ||  1018
       Demon blade       |       |       |       |    91 |   716 ||   807
       Double sword      |       |       |       |       |    84 ||    84
 Fire: Hand crossbow     |       |       |       |   178 |   460 ||   638
Invok: Heroism           |       |       |     4 |     5 |     5 ||    14
       Finesse           |       |       |       |     1 |     4 ||     5
 Abil: Dig               |       |       |     5 |    11 |    11 ||    27
  Use: Scroll            |     2 |     5 |     6 |    10 |     7 ||    30
       Potion            |       |     1 |       |       |     3 ||     4
Armor: Scale mail        |    32 |    29 |     1 |       |       ||    62
       Chain mail        |       |       |    74 |    17 |       ||    91
       Plate armour      |       |       |       |   143 |   149 ||   292
Dodge: Dodged            |    32 |    26 |    89 |   121 |   156 ||   424
Block: Kite shield       |    70 |    68 |   189 |   335 |   510 ||  1172
       Reflection        |       |       |       |       |    32 ||    32
       Rpst.: Long sword |     9 |     6 |    28 |    34 |       ||    77
       Demon blade       |       |       |       |     2 |    24 ||    26
       Double sword      |       |       |       |       |     2 ||     2

Table legend: (Time is in decaauts)
 A = Elapsed time spent in this place.
 B = Non-inter-level travel time spent in this place.
 C = Inter-level travel time spent in this place.
 D = Time resting spent in this place.
 E = Time spent auto-exploring this place.
 F = Levels seen in this place.
 G = Mean time per level.
                   A        B        C        D        E       F      G
               +--------+--------+--------+--------+--------+-----+--------+
         Total |  23630 |  22002 |   1628 |   1352 |  15779 |  22 | 1074.1 |
       Dungeon |  13595 |  12427 |   1168 |   1248 |   8471 |  12 | 1132.9 |
        Temple |    187 |    158 |     29 |      0 |    156 |   1 |  187.0 |
          Lair |   7606 |   7224 |    382 |     41 |   5771 |   6 | 1267.7 |
  Orcish Mines |   1825 |   1777 |     48 |     62 |   1138 |   2 |  912.5 |
        Bailey |    414 |    414 |      0 |      0 |    243 |   1 |  414.0 |
               +--------+--------+--------+--------+--------+-----+--------+

Top non-repeatable levels by time:
     D:6: 2418 daAuts
     D:5: 1600 daAuts
  Lair:1: 1572 daAuts
  Lair:5: 1435 daAuts
  Lair:6: 1416 daAuts
   Orc:2: 1299 daAuts
    D:11: 1270 daAuts
     D:2: 1167 daAuts
     D:4: 1161 daAuts
  Lair:3: 1130 daAuts
     D:7: 1111 daAuts
  Lair:4: 1048 daAuts
  Lair:2: 1003 daAuts
     D:3: 980 daAuts
     D:9: 882 daAuts
